AoeStats
← Ndrangheta

Four Lakes

510218109Analyzed
1v1 RM · 3d ago on Sep 30, 2026· 66m 34s· 2 players
Game mode
Random Map
Map size
Tiny (2 player)
Population
200
Speed
Normal
Resources
Standard
Victory
Conquest
Starting age
Dark Age
Ending age
Imperial Age
RankedLock teamsTeams togetherTeam positionsShared explorationLock speedFull tech treeHidden civsTurbo modeCheats
Victory
Defeat
🇬🇧 Slavs · United Kingdom
1447
+17
🇦🇷 Varangians · Argentina
1466
-17
HighPingWizard
9:48 Feudal Age
8:56 Loom
12:55 Forging
15:18 Fletching
17:14 Double-Bit Axe
22:06 Castle Age
20:04 Horse Collar
21:47 Scale Barding Armor
22:39 Bloodlines
25:55 Chain Barding Armor
28:13 Iron Casting
27:40 Husbandry
33:56 Scale Mail Armor
34:18 Bodkin Arrow
37:33 Imperial Age
39:11 Imperial Age
37:17 Wheelbarrow
36:28 Town Watch
37:04 Chain Mail Armor
36:12 Pikeman
36:55 Squires
36:16 Man-at-Arms
37:12 Long Swordsman
40:39 Plate Mail Armor
40:41 Bow Saw
40:58 Conscription
41:06 Two-Handed Swordsman
42:48 Blast Furnace
42:42 Druzhina
43:01 Pikeman
43:34 Champion
44:43 Halberdier
47:15 Chemistry
47:02 Ballistics
47:32 Heavy Scorpion
48:21 Heavy Plow
48:40 Guard Tower
52:15 Murder Holes
52:32 Light Cavalry
56:47 Hussar
58:16 Plate Barding Armor
63:46 Crop Rotation
62:56 Capped Ram
Ndrangheta
7:46 Loom
10:00 Feudal Age
11:05 Double-Bit Axe
21:27 Fletching
21:57 Padded Archer Armor
27:18 Castle Age
26:10 Scale Mail Armor
27:27 Fishing Lines
28:35 Pikeman
29:24 Squires
30:01 Arson
31:06 Bodkin Arrow
33:23 Forging
33:25 Gillnets
35:12 Wheelbarrow
35:12 Gambesons
35:23 Town Watch
36:19 Chain Mail Armor
37:00 Bow Saw
40:08 Crossbowman
43:32 Imperial Age
41:05 Town Patrol
41:21 Hand Cart
43:30 Stone Mining
43:45 Cranequins
44:27 Bracer
45:29 Chemistry
44:56 Ballistics
46:38 Conscription
46:37 Leather Archer Armor
46:54 Masonry
47:04 Bloodlines
46:54 Husbandry
46:15 Cavalier
46:27 Heavy Mounted Crossbowman
48:01 Ring Archer Armor
47:38 Scale Barding Armor
49:01 Iron Casting
48:36 Light Cavalry
52:51 Vendel Legacy
55:21 Elite Skirmisher
63:35 Plate Mail Armor
Connection lost

Rejoining the realm…

Still unreachable

The connection could not be restored.

Session expired

The server has moved on; the page needs a fresh start.